 Dungeon Crawl Stone Soup version 0.29.1-1-gd02db6906a (webtiles) character file.

Game seed: 15715428714755440330

259 MisterFreud the Sneak (level 5, 0/24 HPs)
             Began as a Felid Berserker on Sept 24, 2022.
             Was a Believer of Trog.
             Slain by a goblin
             ... wielding a +0 club
             ... led by Robin
              (7 damage)
             ... on level 3 of the Dungeon.
             The game lasted 00:02:29 (3156 turns).

MisterFreud the Sneak (Felid Berserker)             Turns: 3156, Time: 00:02:30

Health: 0/24       AC:  1    Str: 13    XL:     5   Next: 94%
Magic:  6/6        EV: 22    Int:  9    God:    Trog [**....]
Gold:   115        SH:  0    Dex: 17    Spells: 4/4 levels left
                                        Lives:  0   Deaths: 1

rFire   . . .      SeeInvis +     - Unarmed
rCold   . . .      Faith    .   (shield unavailable)
rNeg    . . .      Spirit   .   (body armour unavailable)
rPois   .          Reflect  .   (helmet unavailable)
rElec   .          Harm     .   (cloak unavailable)
rCorr   .          Rampage  .   (gloves unavailable)
Will    ++...                   (boots unavailable)
Stlth   +++.......              (no amulet)
HPRegen 1.08/turn               a - +4 ring of evasion
MPRegen 0.10/turn               (no ring)

@: strong-willed, on berserk cooldown, regenerating, slowed, slow
A: very small, claws 1, fangs 3, see invisible, speed 1, shaggy fur 1, stealthy
paws, no weapons or thrown items, no armour, multi-lived
a: Renounce Religion, Berserk, Trog's Hand


You were on level 3 of the Dungeon.
You worshipped Trog.
Trog was pleased with you.
You visited 1 branch of the dungeon, and saw 3 of its levels.

You collected 115 gold pieces.

Inventory:

Jewellery
 a - a +4 ring of evasion (left paw)
Scrolls
 c - a scroll of identify {unknown}
 d - 2 scrolls of amnesia {unknown}
 f - a scroll of summoning {unknown}
 g - a scroll of enchant weapon {unknown}
 h - a scroll of noise {unknown}
 k - 2 scrolls of enchant armour {unknown}
Potions
 b - 2 potions of magic
 e - 2 potions of curing {unknown}
 i - 2 potions of heal wounds {unknown}
 j - a potion of invisibility {unknown}
 l - a potion of degeneration {unknown}
 m - a potion of flight {unknown}


   Skills:
 - Level 3.0 Fighting
 - Level 4.0 Dodging
 - Level 6.0 Stealth
 + Level 5.4 Unarmed Combat


You had 4 spell levels left.
You didn't know any spells.
Your spell library was empty.

Dungeon Overview and Level Annotations

Branches:
Dungeon (3/15)

Altars:
Gozag
Makhleb
Nemelex Xobeh

Annotations:
D:3 Robin


Innate Abilities, Weirdness & Mutations

You have sharp claws.
You have razor-sharp teeth.
You have supernaturally acute eyesight. (SInv)
You cover ground quickly. (Speed+)
You are covered in fur. (AC +1)
Your paws help you pounce on unaware monsters.
You are incapable of wielding weapons or throwing items.
You cannot wear armour.
You gain extra lives every three experience levels.


Message History

Unknown command.
Your skin crawls.
You feel strong-willed. The goblin completely misses you.
A goblin comes into view. It is wielding a +0 dagger.
The goblin misses you. The goblin closely misses you.
Robin says, "Duck!"
Robin hits you with a +0 whip.
* * * LOW HITPOINT WARNING * * *
The goblin misses you. The goblin barely misses you.
Unknown command.
You closely miss Robin.
The goblin shouts! x2
You claw Robin.
Robin is lightly wounded.
The goblin barely misses you. The goblin closely misses you.
Robin throws the goblin at you! The goblin barely misses you.
The goblin hits you with a +0 club.
* * * LOW HITPOINT WARNING * * *
Robin misses you. The goblin hits you with a +0 club.
* * * LOW HITPOINT WARNING * * *
Robin attacks as you move away! Robin completely misses you.
The goblin misses you. Robin attacks as you move away! Robin misses you.
The goblin attacks as you move away! The goblin barely misses you.
Robin roars a battlecry!
The goblin goes into a battle-frenzy!
The goblin completely misses you. The goblin barely misses you.
The goblin no longer looks unusually strong. x2
Robin throws the goblin at you!
* * * LOW HITPOINT WARNING * * *
The goblin closely misses you.
Robin roars a battlecry!
The goblins go into a battle-frenzy!
The goblin closely misses you. The goblin completely misses you.
The goblin attacks as you move away! The goblin hits you but does no damage.
The goblin no longer looks unusually strong.
The goblin barely misses you. The goblin attacks as you move away!
The goblin hits you with a +0 club!
You die...

..##.#..........#...........
....#..........#..........#
#..................>....>.
#.........................
##..)...................##.
##.)†.........# ##.......##.
......)).$.g....# ##..#.....##.
.........#g.gg.####..##.....###
.....#..g..#=g@...#.###.....#
.....#?..###.g......# #.....#
.........# #......### #.....#
....###### #......# #.....# #
... #......# #.....# # #......#
##.###### #......# #.# ##.#
#......# #.# #_.' #...... #.#
##.#


You could see Robin and 5 goblins.

Vanquished Creatures
  Sigmund (D:3)
  Jessica (D:2)
  5 adders
  A worm (D:2)
  7 orcs (D:3)
  9 endoplasms
  A giant cockroach (D:1)
  9 goblins
  4 hobgoblins
  2 jackals (D:1)
  A quokka (D:1)
  5 ball pythons
  6 bats
  3 frilled lizards
  5 kobolds
  3 rats
63 creatures vanquished.

Notes
Turn   | Place    | Note
-------+----------+-------------------------------------------
     0 | D:1      | MisterFreud the Felid Berserker began the quest for the
                  | Orb.
     0 | D:1      | Reached XP level 1. HP: 10/10 MP: 2/2
    49 | D:1      | Reached skill level 1 in Stealth
   547 | D:1      | Reached XP level 2. HP: 14/14 MP: 3/3
   714 | D:1      | Reached skill level 2 in Stealth
  1562 | D:1      | Found a faded altar of an unknown god.
  1826 | D:2      | Reached XP level 3. HP: 17/17 MP: 4/4
  2118 | D:2      | Reached skill level 3 in Stealth
  2278 | D:2      | Reached XP level 4. HP: 18/21 MP: 5/5
  2770 | D:2      | Noticed Jessica
  2781 | D:2      | Slain by Jessica
  2782 | D:2      | Reached XP level 3. HP: -4/17 MP: 4/4
  2877 | D:2      | Killed Jessica
  2877 | D:2      | Reached ** piety under Trog
  2878 | D:2      | Reached skill level 4 in Stealth
  2924 | D:3      | Reached XP level 4. HP: 21/21 MP: 5/5
  2979 | D:3      | Noticed Sigmund
  2987 | D:3      | Killed Sigmund
  2988 | D:3      | Reached skill level 5 in Stealth
  2988 | D:3      | Reached skill level 5 in Unarmed Combat
  2988 | D:3      | Reached XP level 5. HP: 24/24 MP: 6/6
  2989 | D:3      | Reached skill level 6 in Stealth
  3075 | D:3      | Found an opulent altar of Gozag.
  3078 | D:3      | Found a burning altar of Makhleb.
  3081 | D:3      | Found a sparkling altar of Nemelex Xobeh.
  3139 | D:3      | Noticed Robin
  3156 | D:3      | Slain by a goblin

Illustrated notes

Levels and vault maps discovered:
D:1:      reono_arrival_forest_river, layout_basic,
          dilly_ecumenical_altar_fadedgnrine, serial_rivers,
          chequers_serial_rivers_micro_d, chequers_serial_rivers_micro_e,
          chequers_serial_rivers_large_a, chequers_serial_rivers_small_3,
          chequers_serial_rivers_large_b, minmay_pentomino_v4
D:2:      layout_loops_ring, uniq_jessica
D:3:      layout_rooms, grunt_temple_overflow_diamond, uniq_robin, uniq_sigmund

Skill      XL: |  1  2  3  4  5 |
---------------+----------------+-----
Stealth        | 1 2 4 5 6 |  6.0
Unarmed Combat | 4 5 |  5.4
Fighting       | |  3.0
Dodging        | |  4.0

Action                   |  1- 3 |  4- 6 || total
-------------------------+-------+-------++-------
Melee: Unarmed           |   108 |    50 ||   158
       Bite              |     9 |     5 ||    14
       Punch             |     1 |     2 ||     3
Invok: Berserk           |     2 |     2 ||     4
       Trog's Hand       |       |     1 ||     1
  Use: Potion            |       |     1 ||     1
 Stab: Sleeping          |     7 |     2 ||     9
Armor: Skin              |     3 |     1 ||     4
Dodge: Dodged            |    89 |    78 ||   167
